Staline vs Carnivores

Created - June 4, 2017 at 19:08

Goals
1 2 3 T
Staline 3 5 2 10
Carnivores 2 3 2 7
Shots
1 2 3 T
Staline 17 18 9 44
Carnivores 9 15 15 39

1st period

1. Staline , Brandon Mashinter 1 (James Sheppard 3, Danny Kristo 1) at 7:38
2. Carnivores , Vernon Fiddler 1 (Jeremy Williams 3) at 9:56
3. Staline , Nick Spaling 6 (Jordan Caron 5, Keith Yandle 7) at 12:49 (PP)
4. Carnivores , Anton Gustafsson 4 (Brendan Gallagher 6, Bobby Sanguinetti 5) at 13:01
5. Staline , Matt Pettinger 5 (Keith Yandle 8, Steven Goertzen 6) at 18:17

Penalties :
Chris Lawrence (Bre) for Holding (Minor) at 11:02, Mark McNeill (Bre) for Hooking (Minor) at 19:39

2nd period

6. Carnivores , Anton Gustafsson 5 (Chris Lawrence 4) at 0:59 (SH)
7. Staline , Dustin Kohn 1 (Nick Spaling 2, Steven Goertzen 7) at 2:22 (SH)
8. Carnivores , Steve Begin 3 (Zack Smith 2) at 2:26 (PP)
9. Staline , Matt Pettinger 6 (Cody Eakin 5) at 6:47
10. Staline , Steven Goertzen 5 (Matt Pettinger 7) at 6:57
11. Carnivores , Brendan Gallagher 3 (Anton Gustafsson 11, Blake Geoffrion 5) at 7:50
12. Staline , Bryan Bickell 1 (Brandon Burlon 3) at 11:52
13. Staline , Steven Goertzen 6 (Brandon Burlon 4) at 13:53

Penalties :
Keith Yandle (StJ) for Goalie Interference (Minor) at 1:06, Keith Yandle (StJ) for Hooking (Minor) at 14:15

3rd period

14. Carnivores , Frederic St-Denis 1 (Jeremy Welsh 1, Vernon Fiddler 2) at 7:56
15. Staline , Corey Trivino 3 (Nick Spaling 3) at 10:51
16. Staline , Nick Spaling 7 (Stu Bickel 4) at 11:39
17. Carnivores , Anton Gustafsson 6 (Brendan Gallagher 7) at 15:14

Penalties :
Danny Kristo (StJ) for Slashing (Minor) at 4:15, Mat Clark (Bre) for Fighting (Major) at 11:44, Matt Pettinger (StJ) for Fighting (Major) at 11:44, Markus Granlund (Bre) for Hooking (Minor) at 18:02

Goalie Stats

Joni Ortio (StJ), 32 saves from 39 shots - (0.821), W, 1-0-0, 60:00 minutes
Antti Raanta (Bre), 14 saves from 18 shots - (0.778), L, 3-1-0, 33:03 minutes
Erik Ersberg (Bre), 20 saves from 26 shots - (0.769), 26:57 minutes

Players Stats for Staline

Player Name              G  A  P  +/- PIM S  H  SB GA TA FO     MP     PP MP  PK MP  
------------------------------------------------------------------------------------
Aaron Ness               0  0  0   1  0   0  0  0  0  0  0/0     4:38   0:00   0:00 
Andrey Pedan             0  0  0   0  0   0  0  0  0  0  0/0     0:37   0:00   0:05 
Barclay Goodrow          0  0  0   0  0   0  0  0  0  0  0/0     7:50   0:16   0:00 
Brandon Burlon           0  2  2   3  0   0  0  1  0  0  0/0     8:58   0:00   0:00 
Brandon Mashinter        1  0  1   0  0   4  1  0  0  1  0/5    10:29   0:00   0:11 
Bryan Bickell            1  0  1   0  0   2  0  0  1  2  0/1     9:32   0:00   1:42 
Cody Eakin               0  1  1   2  0   0  0  0  0  0  13/34  20:45   2:37   1:21 
Corey Trivino            1  0  1   1  0   3  2  0  0  0  7/14   16:46   2:10   0:00 
Danny Kristo             0  1  1   0  2   2  0  0  0  0  0/0    10:17   0:00   0:00 
David Kolomatis          0  0  0   1  0   0  0  0  0  0  0/0     4:38   0:00   0:00 
David Musil              0  0  0   0  0   0  0  0  0  0  0/0     0:00   0:00   0:00 
Dustin Kohn              1  0  1  -1  0   3  0  4  1  1  0/0    18:49   1:40   2:01 
James Sheppard           0  1  1   1  0   0  2  0  0  0  0/0     9:13   0:24   0:13 
Jiri Sekac               0  0  0  -1  0   0  0  0  0  0  0/1     3:17   0:33   1:09 
Jordan Caron             0  1  1   1  0   1  2  0  1  0  1/2    16:46   2:10   0:00 
Keith Yandle             0  2  2   0  4   2  1  1  1  0  0/0    25:23   3:30   1:15 
Mark Mitera              0  0  0   3  0   1  0  0  0  0  0/0     8:58   0:00   0:00 
Matt Pettinger           2  1  3   2  5   7  2  2  0  0  1/5    20:04   2:36   1:29 
Mike Reilly              0  0  0   0  0   0  0  0  0  0  0/0     0:49   0:00   0:49 
Nick Spaling             2  2  4   2  0   7  4  1  1  0  0/0    17:35   2:10   0:49 
Nikita Nesterov          0  0  0   0  0   0  0  0  0  0  0/0     1:00   0:00   0:36 
Peter Holland            0  0  0   0  0   1  0  0  0  0  1/2     8:25   0:00   0:51 
Philip Larsen            0  0  0  -1  0   2  1  1  0  3  0/0    18:49   1:40   2:01 
Steven Goertzen          2  2  4   0  0   6  2  1  0  0  1/1    23:25   2:37   1:47 
Stu Bickel               0  1  1   0  0   3  1  3  0  3  0/0    27:35   3:31   2:45 

Players Stats for Carnivores

Player Name              G  A  P  +/- PIM S  H  SB GA TA FO     MP     PP MP  PK MP  
------------------------------------------------------------------------------------
Anton Gustafsson         3  1  4   1  0   9  1  0  0  0  17/35  20:44   1:52   1:26 
Blake Geoffrion          0  1  1   0  0   5  2  0  1  1  0/0    19:21   1:52   0:03 
Bobby Sanguinetti        0  1  1  -5  0   2  3  0  1  0  0/0    25:15   2:32   3:02 
Brendan Gallagher        1  2  3   0  0   3  2  0  0  0  3/4    22:41   1:36   3:07 
Chris Lawrence           0  1  1  -1  2   5  4  0  0  0  0/0    14:55   0:43   0:53 
Colton Orr               0  0  0   0  0   1  0  0  0  0  0/0     2:22   2:22   0:00 
David Schlemko           0  0  0  -1  0   0  0  1  0  0  0/0    10:24   0:00   0:00 
Frederic St-Denis        1  0  1   1  0   1  1  1  0  0  0/0     6:22   0:00   0:00 
Jeremy Welsh             0  1  1   1  0   2  0  1  0  0  0/0    12:02   0:00   0:00 
Jeremy Williams          0  1  1   1  0   1  3  0  2  0  0/0    12:02   0:00   0:00 
Josh Manson              0  0  0   0  0   0  1  1  0  1  0/0    11:27   0:00   2:09 
Lane MacDermid           0  0  0  -3  0   3  0  0  0  0  0/0     8:45   0:34   1:08 
Mark McNeill             0  0  0  -3  2   1  0  0  0  0  0/0     7:41   0:44   0:00 
Markus Granlund          0  0  0  -3  2   0  0  0  0  0  5/5     7:27   0:26   0:14 
Mat Clark                0  0  0   1  5   0  0  1  0  0  0/0    14:41   2:14   0:00 
Mattias Backman          0  0  0   1  0   0  0  0  0  0  0/0     6:22   0:00   0:00 
Nate Schmidt             0  0  0  -5  0   2  0  1  1  3  0/0    26:23   2:32   3:02 
Sasha Pokulok            0  0  0   2  0   0  3  0  2  0  0/0    19:05   2:14   2:09 
Steve Begin              1  0  1  -2  0   1  2  0  3  0  5/6    18:53   2:11   3:10 
Vernon Fiddler           1  1  2   1  0   2  0  0  0  0  6/8    12:02   0:00   0:00 
Zack Smith               0  1  1  -2  0   1  2  0  0  0  5/7    15:19   1:58   0:21 

3 Stars

1 - Nick Spaling (StJ)
2 - Anton Gustafsson (Bre)
3 - Steven Goertzen (StJ)

Power Play

Staline - 1 on 3 Attempt(s) - 33.33%
Carnivores - 1 on 3 Attempt(s) - 33.33%

Penalty Kill

Staline - 2 on 3 Attempt(s) - 66.67% - Score 1 goal in Penalty Kill
Carnivores - 2 on 3 Attempt(s) - 66.67% - Score 1 goal in Penalty Kill

Team Stat

Staline - Hits : 18 - Faceoff Wins : 24 - Blocked Shots : 14 - Penalty Minutes : 11
Carnivores - Hits : 24 - Faceoff Wins : 41 - Blocked Shots : 6 - Penalty Minutes : 11

Official

Referees : StLaurent Francois and Hasenfratz Mike
Linesman : Lonnie Cameron and Jean Morin

Game Notes

Antti Raanta enters game at 6:57 of 2nd period
18:26 of 2nd period - Carnivores goal is going for a video replay. After video review, No Goal. The goalkeeper has been pushed into the net together with the puck after making a save.
Mat Clark and Matt Pettinger fight to a draw at 11:44 of 3rd period
Anton Gustafsson has scored a Hat Trick!

Finance

Level 1 -- Attendance: 1682 (84.10%) -- Ticket Income $67,280
Level 2 -- Attendance: 898 (89.80%) -- Ticket Income $17,960
Total Attendance: 2580 (86.00%)
Total Ticket Income: $85,240
Other Income: $4,262
Total Income: $89,502

Staline

5 vs 5 Forward 
   Center                   Left Wing                Right Wing               Time % Phy DF OF 
 1 Cody Eakin               Matt Pettinger           Steven Goertzen          40     1   2  2  
 2 Corey Trivino            Nick Spaling             Jordan Caron             30     1   2  2  
 3 Brandon Mashinter        James Sheppard           Danny Kristo             20     1   2  2  
 4 Peter Holland            Bryan Bickell            Barclay Goodrow          10     1   2  2  

5 vs 5 Defense 
   Defense                  Defense                                           Time % Phy DF OF 
 1 Stu Bickel               Keith Yandle                                      40     1   2  2  
 2 Dustin Kohn              Philip Larsen                                     30     1   2  2  
 3 Brandon Burlon           Mark Mitera                                       20     1   2  2  
 4 David Kolomatis          Aaron Ness                                        10     1   2  2  

PowerPlay Forward 
   Center                   Left Wing                Right Wing               Time % Phy DF OF 
 1 Cody Eakin               Matt Pettinger           Steven Goertzen          60     1   2  2  
 2 Corey Trivino            Nick Spaling             Jordan Caron             40     1   2  2  

PowerPlay Defense
   Defense                  Defense                                           Time % Phy DF OF 
 1 Stu Bickel               Keith Yandle                                      60     1   2  2  
 2 Dustin Kohn              Philip Larsen                                     40     1   2  2  

Penalty Kill 4 Players Forward 
   Center                   Wing                     Time % Phy DF OF 
 1 Matt Pettinger           Steven Goertzen          60     1   2  2  
 2 Nick Spaling             Cody Eakin               40     1   2  2  

Penalty Kill 4 Players Defense
   Defense                  Defense                  Time % Phy DF OF 
 1 Stu Bickel               Keith Yandle             60     1   2  2  
 2 Dustin Kohn              Philip Larsen            40     1   2  2  

Penalty Kill - 3 Players Forward 
   Forward                                           Time % Phy DF OF 
 1 Matt Pettinger                                    60     1   2  2  
 2 Steven Goertzen                                   40     1   2  2  

Penalty Kill - 3 Players Defense
   Defense                  Defense                  Time % Phy DF OF 
 1 Stu Bickel               Keith Yandle             60     1   2  2  
 2 Dustin Kohn              Philip Larsen            40     1   2  2  

4 vs 4 Forward 
   Center                   Wing                     Time % Phy DF OF 
 1 Matt Pettinger           Steven Goertzen          60     1   2  2  
 2 Nick Spaling             Cody Eakin               40     1   2  2  

4 vs 4 Defense
   Defense                  Defense                  Time % Phy DF OF 
 1 Stu Bickel               Keith Yandle             60     1   2  2  
 2 Dustin Kohn              Philip Larsen            40     1   2  2  

Last Minutes Offensive
   Center                   Left Wing                Right Wing               Defense                  Defense                  
   Cody Eakin               Matt Pettinger           Steven Goertzen          Stu Bickel               Keith Yandle             

Last Minutes Defensive
   Center                   Left Wing                Right Wing               Defense                  Defense                  
   Cody Eakin               Matt Pettinger           Steven Goertzen          Stu Bickel               Keith Yandle             

Goaltenders
Starting : Joni Ortio               
Backup : Allen York               

Extra Forwards
Normal : Jiri Sekac, James Sheppard, Bryan Bickell - PP : Jiri Sekac, James Sheppard - PK : Bryan Bickell
Extra Defensemen
Normal : Andrey Pedan, Mike Reilly, Nikita Nesterov - PP : Andrey Pedan - PK : Mike Reilly, Nikita Nesterov
Penalty Shots
Matt Pettinger, Steven Goertzen, Nick Spaling, Cody Eakin, James Sheppard

Scratches
David Desharnais (Torn Left Knee Ligaments Injury)

Carnivores

5 vs 5 Forward 
   Center                   Left Wing                Right Wing               Time % Phy DF OF 
 1 Anton Gustafsson         Blake Geoffrion          Brendan Gallagher        40     1   2  2  
 2 Zack Smith               Steve Begin              Chris Lawrence           30     1   2  2  
 3 Vernon Fiddler           Jeremy Welsh             Jeremy Williams          20     1   2  2  
 4 Markus Granlund          Lane MacDermid           Mark McNeill             10     1   2  2  

5 vs 5 Defense 
   Defense                  Defense                                           Time % Phy DF OF 
 1 Bobby Sanguinetti        Nate Schmidt                                      40     1   2  2  
 2 Mat Clark                Sasha Pokulok                                     30     1   2  2  
 3 David Schlemko           Josh Manson                                       20     1   2  2  
 4 Mattias Backman          Frederic St-Denis                                 10     1   2  2  

PowerPlay Forward 
   Center                   Left Wing                Right Wing               Time % Phy DF OF 
 1 Anton Gustafsson         Blake Geoffrion          Brendan Gallagher        60     1   2  2  
 2 Zack Smith               Steve Begin              Colton Orr               40     1   2  2  

PowerPlay Defense
   Defense                  Defense                                           Time % Phy DF OF 
 1 Bobby Sanguinetti        Nate Schmidt                                      60     1   2  2  
 2 Mat Clark                Sasha Pokulok                                     40     1   2  2  

Penalty Kill 4 Players Forward 
   Center                   Wing                     Time % Phy DF OF 
 1 Steve Begin              Brendan Gallagher        60     1   2  2  
 2 Anton Gustafsson         Chris Lawrence           40     1   2  2  

Penalty Kill 4 Players Defense
   Defense                  Defense                  Time % Phy DF OF 
 1 Bobby Sanguinetti        Nate Schmidt             60     1   2  2  
 2 Josh Manson              Sasha Pokulok            40     1   2  2  

Penalty Kill - 3 Players Forward 
   Forward                                           Time % Phy DF OF 
 1 Steve Begin                                       60     1   2  2  
 2 Chris Lawrence                                    40     1   2  2  

Penalty Kill - 3 Players Defense
   Defense                  Defense                  Time % Phy DF OF 
 1 Bobby Sanguinetti        Nate Schmidt             60     1   2  2  
 2 Josh Manson              Sasha Pokulok            40     1   2  2  

4 vs 4 Forward 
   Center                   Wing                     Time % Phy DF OF 
 1 Steve Begin              Brendan Gallagher        60     1   2  2  
 2 Anton Gustafsson         Chris Lawrence           40     1   2  2  

4 vs 4 Defense
   Defense                  Defense                  Time % Phy DF OF 
 1 Bobby Sanguinetti        Nate Schmidt             60     1   2  2  
 2 Mat Clark                Sasha Pokulok            40     1   2  2  

Last Minutes Offensive
   Center                   Left Wing                Right Wing               Defense                  Defense                  
   Anton Gustafsson         Blake Geoffrion          Brendan Gallagher        Bobby Sanguinetti        Nate Schmidt             

Last Minutes Defensive
   Center                   Left Wing                Right Wing               Defense                  Defense                  
   Anton Gustafsson         Steve Begin              Chris Lawrence           Sasha Pokulok            Nate Schmidt             

Goaltenders
Starting : Erik Ersberg             
Backup : Antti Raanta             

Extra Forwards
Normal : Mark McNeill, Steve Begin, Lane MacDermid - PP : Colton Orr, Mark McNeill - PK : Steve Begin
Extra Defensemen
Normal : Nate Schmidt, David Schlemko, Josh Manson - PP : Nate Schmidt - PK : David Schlemko, Josh Manson
Penalty Shots
Jeremy Welsh, Brendan Gallagher, Blake Geoffrion, Anton Gustafsson, Markus Granlund

Scratches
Chris Butler (Healthy), Adam Almquist (Healthy), Kenneth Agostino (Healthy), Stanislav Galiev (Healthy), Mark MacMillan (Healthy)
Tyler Graovac (Healthy), Patrick McNeill (Healthy), Michael Schumacher (Healthy), Zach Jones (Healthy), Christopher DiDomenico (Healthy)

% Time on Ice - Staline

Lines # - Real PCT - Wanted PCT - Time Play
Normal Forward
1 - 38% - 40% - 18:45
2 - 29% - 30% - 14:36
3 - 17% - 20% - 8:36
4 - 15% - 10% - 7:34
Normal Defense
1 - 42% - 40% - 20:47
2 - 31% - 30% - 15:08
3 - 18% - 20% - 8:58
4 - 9% - 10% - 4:38
PP Forward
1 - 58% - 60% - 3:01
2 - 42% - 40% - 2:10
PP Defense
1 - 68% - 60% - 3:31
2 - 32% - 40% - 1:40
PK Forward
1 - 83% - 60% - 3:57
2 - 17% - 40% - 0:49
PK Defense
1 - 58% - 60% - 2:45
2 - 42% - 40% - 2:01
PK3 Forward
1 - 0% - 60%
2 - 0% - 40%
PK3 Defense
1 - 0% - 60%
2 - 0% - 40%
44 Forward
1 - 100% - 60% - 0:32
2 - 0% - 40% - 0:00
44 Defense
1 - 100% - 60% - 0:32
2 - 0% - 40% - 0:00
Last Minute Offensive  - 0:00
Last Minute Defensive  - 0:00
Total
Forward - 60:00
Defense - 60:00

% Time on Ice - Carnivores

Lines # - Real PCT - Wanted PCT - Time Play
Normal Forward
1 - 36% - 40% - 17:46
2 - 26% - 30% - 13:00
3 - 24% - 20% - 12:02
4 - 14% - 10% - 6:43
Normal Defense
1 - 39% - 40% - 19:10
2 - 30% - 30% - 14:41
3 - 19% - 20% - 9:18
4 - 13% - 10% - 6:22
PP Forward
1 - 54% - 60% - 2:34
2 - 46% - 40% - 2:12
PP Defense
1 - 53% - 60% - 2:32
2 - 47% - 40% - 2:14
PK Forward
1 - 72% - 60% - 3:45
2 - 28% - 40% - 1:26
PK Defense
1 - 59% - 60% - 3:02
2 - 41% - 40% - 2:09
PK3 Forward
1 - 0% - 60%
2 - 0% - 40%
PK3 Defense
1 - 0% - 60%
2 - 0% - 40%
44 Forward
1 - 100% - 60% - 0:32
2 - 0% - 40% - 0:00
44 Defense
1 - 97% - 60% - 0:31
2 - 3% - 40% - 0:01
Last Minute Offensive  - 0:00
Last Minute Defensive  - 0:00
Total
Forward - 60:00
Defense - 60:00

Play by Play

1st period


0:01 of 1st period - Anton Gustafsson wins face-off versus Cody Eakin in neutral zone.
0:26 of 1st period - Nate Schmidt is hit by Stu Bickel and loses puck.
0:51 of 1st period - Snap shot by James Sheppard.
0:51 of 1st period - Shot Blocked by Mat Clark.
0:58 of 1st period - Off-side.
0:59 of 1st period - Markus Granlund wins face-off versus Peter Holland in neutral zone.
1:48 of 1st period - Anton Gustafsson is hit by Nick Spaling and loses puck.
2:13 of 1st period - Nate Schmidt is hit by James Sheppard and loses puck.
3:01 of 1st period - Wrist shot by Steven Goertzen.
3:01 of 1st period - Stopped by Erik Ersberg with a rebound.
3:15 of 1st period - Snap shot by Lane MacDermid.
3:15 of 1st period - Shot Blocked by Stu Bickel.
3:17 of 1st period - Slapshot by Sasha Pokulok.
3:17 of 1st period - Shot Misses the Net.
3:40 of 1st period - Wrist shot by James Sheppard.
3:40 of 1st period - Shot Blocked by Frederic St-Denis.
3:42 of 1st period - Slapshot by Stu Bickel.
3:42 of 1st period - Stopped by Erik Ersberg with a rebound.
3:44 of 1st period - Slapshot by Stu Bickel.
3:44 of 1st period - Shot Blocked by Jeremy Welsh.
4:32 of 1st period - Mattias Backman is hit by Nick Spaling and loses puck.
4:53 of 1st period - Snap shot by Brandon Mashinter.
4:53 of 1st period - Stopped by Erik Ersberg with a rebound.
5:03 of 1st period - Brandon Mashinter is hit by Frederic St-Denis.
5:31 of 1st period - Matt Pettinger is hit by Bobby Sanguinetti and loses puck.
5:56 of 1st period - Snap shot by Steven Goertzen.
5:56 of 1st period - Stopped by Erik Ersberg with a rebound.
5:58 of 1st period - Wrist shot by Philip Larsen.
5:58 of 1st period - Deflect By Matt Pettinger.
5:58 of 1st period - Shot Misses the Net.
5:58 of 1st period - Puck is out of play.
5:59 of 1st period - Anton Gustafsson wins face-off versus Corey Trivino in Carnivores zone.
6:06 of 1st period - Philip Larsen is hit by Sasha Pokulok and loses puck.
6:11 of 1st period - Wrist shot by Blake Geoffrion.
6:11 of 1st period - Stopped by Joni Ortio with a rebound.
6:13 of 1st period - Wrist shot by Anton Gustafsson.
6:13 of 1st period - Shot Blocked by Nick Spaling.
6:15 of 1st period - Slapshot by Sasha Pokulok.
6:15 of 1st period - Shot Misses the Net.
6:35 of 1st period - Wrist shot by Danny Kristo.
6:35 of 1st period - Stopped by Erik Ersberg with a rebound.
7:25 of 1st period - Slapshot by James Sheppard.
7:25 of 1st period - Shot Blocked by Josh Manson.
7:27 of 1st period - Slapshot by Mark Mitera.
7:27 of 1st period - Stopped by Erik Ersberg without a rebound.
7:28 of 1st period - Markus Granlund wins face-off versus Brandon Mashinter in Carnivores zone.
7:28 of 1st period - Markus Granlund is hit by James Sheppard.
7:36 of 1st period - Wrist shot by Brandon Mashinter.
7:36 of 1st period - Shot Blocked by Nate Schmidt.
7:38 of 1st period - Backhand shot by James Sheppard.
7:38 of 1st period - Deflect By Brandon Mashinter.
7:38 of 1st period - Goal by Brandon Mashinter - Staline : 1 - Carnivores : 0.
7:39 of 1st period - Anton Gustafsson wins face-off versus Cody Eakin in neutral zone.
8:05 of 1st period - Dustin Kohn is hit by Steve Begin and loses puck.
8:51 of 1st period - Slapshot by Anton Gustafsson.
8:51 of 1st period - Shot Hit the Post.
8:55 of 1st period - Snap shot by Blake Geoffrion.
8:55 of 1st period - Stopped by Joni Ortio with a rebound.
9:56 of 1st period - Slapshot by Vernon Fiddler.
9:56 of 1st period - Goal by Vernon Fiddler - Staline : 1 - Carnivores : 1.
9:57 of 1st period - Anton Gustafsson wins face-off versus Cody Eakin in neutral zone.
10:02 of 1st period - Snap shot by Blake Geoffrion.
10:02 of 1st period - Shot Misses the Net.
10:04 of 1st period - Snap shot by Anton Gustafsson.
10:04 of 1st period - Stopped by Joni Ortio with a rebound.
10:06 of 1st period - Snap shot by Anton Gustafsson.
10:06 of 1st period - Stopped by Joni Ortio with a rebound.
10:08 of 1st period - Slapshot by Nate Schmidt.
10:08 of 1st period - Deflect By Anton Gustafsson.
10:08 of 1st period - Shot Blocked by Stu Bickel.
10:08 of 1st period - Puck is out of play.
10:09 of 1st period - Anton Gustafsson wins face-off versus Cody Eakin in Staline zone.
10:45 of 1st period - Wrist shot by Chris Lawrence.
10:45 of 1st period - Stopped by Joni Ortio with a rebound.
11:02 of 1st period - Minor Penalty to Chris Lawrence for Holding.
11:03 of 1st period - Steve Begin wins face-off versus Matt Pettinger in Carnivores zone.
11:12 of 1st period - Brendan Gallagher is hit by Matt Pettinger and loses puck.
11:36 of 1st period - Icing by Corey Trivino.
11:37 of 1st period - Brendan Gallagher wins face-off versus Corey Trivino in Staline zone.
12:49 of 1st period - Wrist shot by Nick Spaling.
12:49 of 1st period - Goal by Nick Spaling - Staline : 2 - Carnivores : 1.
12:50 of 1st period - Cody Eakin wins face-off versus Anton Gustafsson in neutral zone.
13:01 of 1st period - Wrist shot by Anton Gustafsson.
13:01 of 1st period - Goal by Anton Gustafsson - Staline : 2 - Carnivores : 2.
13:02 of 1st period - Anton Gustafsson wins face-off versus Cody Eakin in neutral zone.
13:15 of 1st period - Wrist shot by Brendan Gallagher.
13:15 of 1st period - Shot Blocked by Dustin Kohn.
13:33 of 1st period - Snap shot by Jeremy Williams.
13:33 of 1st period - Stopped by Joni Ortio without a rebound.
13:34 of 1st period - Vernon Fiddler wins face-off versus Corey Trivino in Staline zone.
14:08 of 1st period - Wrist shot by Nick Spaling.
14:08 of 1st period - Shot Misses the Net.
14:10 of 1st period - Wrist shot by Nick Spaling.
14:10 of 1st period - Stopped by Erik Ersberg without a rebound.
14:11 of 1st period - Anton Gustafsson wins face-off versus Cody Eakin in Carnivores zone.
14:15 of 1st period - Icing by Blake Geoffrion.
14:16 of 1st period - Anton Gustafsson wins face-off versus Cody Eakin in Carnivores zone.
14:25 of 1st period - Wrist shot by Blake Geoffrion.
14:25 of 1st period - Shot Misses the Net.
14:27 of 1st period - Slapshot by Brendan Gallagher.
14:27 of 1st period - Shot Blocked by Philip Larsen.
14:29 of 1st period - Wrist shot by Brendan Gallagher.
14:29 of 1st period - Shot Blocked by Dustin Kohn.
14:31 of 1st period - Snap shot by Brendan Gallagher.
14:31 of 1st period - Shot Misses the Net.
14:43 of 1st period - Slapshot by Danny Kristo.
14:43 of 1st period - Shot Misses the Net.
15:05 of 1st period - Snap shot by Jordan Caron.
15:05 of 1st period - Shot Misses the Net.
15:25 of 1st period - Snap shot by Keith Yandle.
15:25 of 1st period - Shot Misses the Net.
15:27 of 1st period - Wrist shot by Stu Bickel.
15:27 of 1st period - Deflect By Lane MacDermid.
15:27 of 1st period - Stopped by Erik Ersberg with a rebound.
15:29 of 1st period - Slapshot by Keith Yandle.
15:29 of 1st period - Deflect By Mark McNeill.
15:29 of 1st period - Stopped by Erik Ersberg without a rebound.
15:30 of 1st period - Cody Eakin wins face-off versus Anton Gustafsson in Carnivores zone.
15:35 of 1st period - Snap shot by Matt Pettinger.
15:35 of 1st period - Stopped by Erik Ersberg with a rebound.
15:45 of 1st period - Wrist shot by Steven Goertzen.
15:45 of 1st period - Shot Misses the Net.
15:57 of 1st period - Jordan Caron is hit by Zack Smith and loses puck.
16:02 of 1st period - Slapshot by Chris Lawrence.
16:02 of 1st period - Shot Misses the Net.
16:04 of 1st period - Backhand shot by Chris Lawrence.
16:04 of 1st period - Shot Misses the Net.
16:06 of 1st period - Slapshot by Sasha Pokulok.
16:06 of 1st period - Deflect By Chris Lawrence.
16:06 of 1st period - Shot Misses the Net.
16:06 of 1st period - Puck is out of play.
16:07 of 1st period - Cody Eakin wins face-off versus Vernon Fiddler in Staline zone.
16:07 of 1st period - Cody Eakin is hit by Jeremy Williams.
16:35 of 1st period - Wrist shot by Danny Kristo.
16:35 of 1st period - Stopped by Erik Ersberg without a rebound.
16:36 of 1st period - Anton Gustafsson wins face-off versus Brandon Mashinter in Carnivores zone.
16:45 of 1st period - Snap shot by Blake Geoffrion.
16:45 of 1st period - Stopped by Joni Ortio with a rebound.
17:01 of 1st period - David Schlemko is hit by Steven Goertzen and loses puck.
17:06 of 1st period - Snap shot by Keith Yandle.
17:06 of 1st period - Stopped by Erik Ersberg with a rebound.
17:12 of 1st period - Snap shot by Matt Pettinger.
17:12 of 1st period - Stopped by Erik Ersberg without a rebound.
17:13 of 1st period - Corey Trivino wins face-off versus Anton Gustafsson in Carnivores zone.
17:51 of 1st period - Icing by Stu Bickel.
17:52 of 1st period - Vernon Fiddler wins face-off versus Cody Eakin in Staline zone.
18:13 of 1st period - Slapshot by Steven Goertzen.
18:13 of 1st period - Stopped by Erik Ersberg with a rebound.
18:15 of 1st period - Slapshot by Keith Yandle.
18:15 of 1st period - Shot Misses the Net.
18:17 of 1st period - Snap shot by Matt Pettinger.
18:17 of 1st period - Goal by Matt Pettinger - Staline : 3 - Carnivores : 2.
18:18 of 1st period - Cody Eakin wins face-off versus Anton Gustafsson in neutral zone.
18:43 of 1st period - Philip Larsen is hit by Chris Lawrence and loses puck.
18:50 of 1st period - Snap shot by Steve Begin.
18:50 of 1st period - Shot Misses the Net.
19:39 of 1st period - Minor Penalty to Mark McNeill for Hooking.
19:40 of 1st period - Steve Begin wins face-off versus Cody Eakin in Carnivores zone.
Goals for this period are 3 for Staline vs 2 for Carnivores.
Shots for this period are 17 for Staline vs 9 for Carnivores.

2nd period


0:01 of 2nd period - Cody Eakin wins face-off versus Steve Begin in neutral zone.
0:04 of 2nd period - Slapshot by Matt Pettinger.
0:04 of 2nd period - Stopped by Erik Ersberg without a rebound.
0:05 of 2nd period - Steve Begin wins face-off versus Cody Eakin in Carnivores zone.
0:10 of 2nd period - Wrist shot by Brendan Gallagher.
0:10 of 2nd period - Shot Misses the Net.
0:12 of 2nd period - Snap shot by Nate Schmidt.
0:12 of 2nd period - Stopped by Joni Ortio with a rebound.
0:46 of 2nd period - Steve Begin is hit by Jordan Caron and loses puck.
0:59 of 2nd period - Wrist shot by Anton Gustafsson.
0:59 of 2nd period - Goal by Anton Gustafsson - Staline : 3 - Carnivores : 3.
1:00 of 2nd period - Steve Begin wins face-off versus Cody Eakin in neutral zone.
1:06 of 2nd period - Minor Penalty to Keith Yandle for Goalie Interference.
1:07 of 2nd period - Brendan Gallagher wins face-off versus Matt Pettinger in Staline zone.
1:07 of 2nd period - Wrist shot by Steve Begin.
1:07 of 2nd period - Shot Misses the Net.
1:09 of 2nd period - Slapshot by Nate Schmidt.
1:09 of 2nd period - Shot Blocked by Steven Goertzen.
1:39 of 2nd period - Penalty to Mark McNeill is over, Mark McNeill is back on ice.
2:00 of 2nd period - Wrist shot by Blake Geoffrion.
2:00 of 2nd period - Stopped by Joni Ortio with a rebound.
2:18 of 2nd period - Slapshot by Nick Spaling.
2:18 of 2nd period - Stopped by Erik Ersberg with a rebound.
2:20 of 2nd period - Slapshot by Dustin Kohn.
2:20 of 2nd period - Stopped by Erik Ersberg with a rebound.
2:22 of 2nd period - Slapshot by Dustin Kohn.
2:22 of 2nd period - Goal by Dustin Kohn - Staline : 4 - Carnivores : 3.
2:23 of 2nd period - Zack Smith wins face-off versus Matt Pettinger in neutral zone.
2:26 of 2nd period - Snap shot by Steve Begin.
2:26 of 2nd period - Goal by Steve Begin - Staline : 4 - Carnivores : 4.
2:27 of 2nd period - Anton Gustafsson wins face-off versus Cody Eakin in neutral zone.
2:41 of 2nd period - Snap shot by Brendan Gallagher.
2:41 of 2nd period - Stopped by Joni Ortio without a rebound.
2:42 of 2nd period - Corey Trivino wins face-off versus Zack Smith in Staline zone.
3:13 of 2nd period - Mark Mitera is hit by Brendan Gallagher and loses puck.
3:34 of 2nd period - Mat Clark is hit by Brandon Mashinter and loses puck.
4:11 of 2nd period - Nate Schmidt is hit by Nick Spaling and loses puck.
4:22 of 2nd period - Slapshot by Dustin Kohn.
4:22 of 2nd period - Stopped by Erik Ersberg with a rebound.
4:38 of 2nd period - Bobby Sanguinetti is hit by Philip Larsen and loses puck.
5:23 of 2nd period - Snap shot by Corey Trivino.
5:23 of 2nd period - Stopped by Erik Ersberg without a rebound.
5:24 of 2nd period - Matt Pettinger wins face-off versus Anton Gustafsson in Carnivores zone.
5:50 of 2nd period - Corey Trivino is hit by Steve Begin and loses puck.
6:31 of 2nd period - Slapshot by Lane MacDermid.
6:31 of 2nd period - Shot Misses the Net.
6:33 of 2nd period - Snap shot by Mark McNeill.
6:33 of 2nd period - Stopped by Joni Ortio without a rebound.
6:34 of 2nd period - Markus Granlund wins face-off versus Cody Eakin in Staline zone.
6:37 of 2nd period - Snap shot by Markus Granlund.
6:37 of 2nd period - Deflect By Mark McNeill.
6:37 of 2nd period - Shot Misses the Net.
6:37 of 2nd period - Puck is out of play.
6:38 of 2nd period - Brendan Gallagher wins face-off versus Cody Eakin in Staline zone.
6:45 of 2nd period - Wrist shot by Matt Pettinger.
6:45 of 2nd period - Shot Misses the Net.
6:47 of 2nd period - Snap shot by Matt Pettinger.
6:47 of 2nd period - Goal by Matt Pettinger - Staline : 5 - Carnivores : 4.
6:48 of 2nd period - Cody Eakin wins face-off versus Anton Gustafsson in neutral zone.
6:51 of 2nd period - Slapshot by Matt Pettinger.
6:51 of 2nd period - Stopped by Erik Ersberg with a rebound.
6:57 of 2nd period - Snap shot by Steven Goertzen.
6:57 of 2nd period - Goal by Steven Goertzen - Staline : 6 - Carnivores : 4.
6:57 of 2nd period - Antti Raanta enters game.
6:58 of 2nd period - Cody Eakin wins face-off versus Anton Gustafsson in neutral zone.
7:24 of 2nd period - Bobby Sanguinetti is hit by Corey Trivino and loses puck.
7:40 of 2nd period - Icing by Nick Spaling.
7:41 of 2nd period - Vernon Fiddler wins face-off versus Corey Trivino in Staline zone.
7:42 of 2nd period - Snap shot by Jeremy Williams.
7:42 of 2nd period - Shot Misses the Net.
7:48 of 2nd period - Wrist shot by Brendan Gallagher.
7:48 of 2nd period - Deflect By Anton Gustafsson.
7:48 of 2nd period - Stopped by Joni Ortio with a rebound.
7:50 of 2nd period - Backhand shot by Anton Gustafsson.
7:50 of 2nd period - Deflect By Brendan Gallagher.
7:50 of 2nd period - Goal by Brendan Gallagher - Staline : 6 - Carnivores : 5.
7:51 of 2nd period - Anton Gustafsson wins face-off versus Cody Eakin in neutral zone.
9:07 of 2nd period - Wrist shot by Nick Spaling.
9:07 of 2nd period - Shot Misses the Net.
9:09 of 2nd period - Snap shot by Philip Larsen.
9:09 of 2nd period - Stopped by Antti Raanta with a rebound.
9:11 of 2nd period - Wrist shot by Philip Larsen.
9:11 of 2nd period - Stopped by Antti Raanta without a rebound.
9:12 of 2nd period - Cody Eakin wins face-off versus Anton Gustafsson in Carnivores zone.
9:37 of 2nd period - Danny Kristo is hit by Bobby Sanguinetti and loses puck.
10:18 of 2nd period - Nate Schmidt is hit by Steven Goertzen and loses puck.
10:35 of 2nd period - Snap shot by Blake Geoffrion.
10:35 of 2nd period - Shot Misses the Net.
10:37 of 2nd period - Snap shot by Anton Gustafsson.
10:37 of 2nd period - Stopped by Joni Ortio without a rebound.
10:38 of 2nd period - Corey Trivino wins face-off versus Brendan Gallagher in Staline zone.
10:38 of 2nd period - Corey Trivino is hit by Sasha Pokulok.
10:49 of 2nd period - Sasha Pokulok is hit by Jordan Caron and loses puck.
11:04 of 2nd period - Matt Pettinger is hit by Zack Smith and loses puck.
11:52 of 2nd period - Snap shot by Bryan Bickell.
11:52 of 2nd period - Goal by Bryan Bickell - Staline : 7 - Carnivores : 5.
11:53 of 2nd period - Cody Eakin wins face-off versus Anton Gustafsson in neutral zone.
13:04 of 2nd period - Snap shot by Blake Geoffrion.
13:04 of 2nd period - Shot Misses the Net.
13:06 of 2nd period - Snap shot by Nate Schmidt.
13:06 of 2nd period - Stopped by Joni Ortio without a rebound.
13:07 of 2nd period - Peter Holland wins face-off versus Anton Gustafsson in Staline zone.
13:07 of 2nd period - Peter Holland is hit by Blake Geoffrion.
13:39 of 2nd period - Snap shot by Peter Holland.
13:39 of 2nd period - Stopped by Antti Raanta without a rebound.
13:40 of 2nd period - Zack Smith wins face-off versus Cody Eakin in Carnivores zone.
13:53 of 2nd period - Snap shot by Steven Goertzen.
13:53 of 2nd period - Goal by Steven Goertzen - Staline : 8 - Carnivores : 5.
13:54 of 2nd period - Anton Gustafsson wins face-off versus Cody Eakin in neutral zone.
13:59 of 2nd period - Snap shot by Blake Geoffrion.
13:59 of 2nd period - Shot Misses the Net.
14:01 of 2nd period - Slapshot by Sasha Pokulok.
14:01 of 2nd period - Shot Blocked by Matt Pettinger.
14:03 of 2nd period - Slapshot by Mat Clark.
14:03 of 2nd period - Shot Misses the Net.
14:15 of 2nd period - Minor Penalty to Keith Yandle for Hooking.
14:16 of 2nd period - Anton Gustafsson wins face-off versus Matt Pettinger in Staline zone.
15:17 of 2nd period - Cody Eakin is hit by Brendan Gallagher and loses puck.
15:48 of 2nd period - Matt Pettinger is hit by Bobby Sanguinetti and loses puck.
16:03 of 2nd period - Stu Bickel is hit by Blake Geoffrion and loses puck.
16:15 of 2nd period - Penalty to Keith Yandle is over, Keith Yandle is back on ice.
16:20 of 2nd period - Snap shot by Lane MacDermid.
16:20 of 2nd period - Stopped by Joni Ortio with a rebound.
16:22 of 2nd period - Snap shot by Lane MacDermid.
16:22 of 2nd period - Stopped by Joni Ortio with a rebound.
16:24 of 2nd period - Slapshot by David Schlemko.
16:24 of 2nd period - Shot Blocked by Stu Bickel.
16:26 of 2nd period - Snap shot by Chris Lawrence.
16:26 of 2nd period - Shot Misses the Net.
16:38 of 2nd period - Slapshot by Brandon Mashinter.
16:38 of 2nd period - Stopped by Antti Raanta without a rebound.
16:39 of 2nd period - Vernon Fiddler wins face-off versus Brandon Mashinter in Carnivores zone.
16:50 of 2nd period - Snap shot by Brandon Mashinter.
16:50 of 2nd period - Stopped by Antti Raanta without a rebound.
16:51 of 2nd period - Corey Trivino wins face-off versus Zack Smith in Carnivores zone.
17:02 of 2nd period - Steve Begin is hit by Corey Trivino and loses puck.
18:24 of 2nd period - Snap shot by Chris Lawrence.
18:24 of 2nd period - Stopped by Joni Ortio with a rebound.
18:26 of 2nd period - Slapshot by Sasha Pokulok.
18:26 of 2nd period - Deflect By Chris Lawrence.
18:26 of 2nd period - Carnivores goal is going for a video replay.
18:26 of 2nd period - The goal is refused. The goalkeeper has been pushed into the net together with the puck after making a save..
18:27 of 2nd period - Zack Smith wins face-off versus Cody Eakin in Staline zone.
18:36 of 2nd period - Slapshot by Chris Lawrence.
18:36 of 2nd period - Stopped by Joni Ortio with a rebound.
18:56 of 2nd period - Snap shot by Nick Spaling.
18:56 of 2nd period - Stopped by Antti Raanta without a rebound.
18:57 of 2nd period - Jordan Caron wins face-off versus Vernon Fiddler in Carnivores zone.
19:56 of 2nd period - Snap shot by Bryan Bickell.
19:56 of 2nd period - Stopped by Antti Raanta with a rebound.
Goals for this period are 5 for Staline vs 3 for Carnivores.
Shots for this period are 18 for Staline vs 15 for Carnivores.

3rd period


0:01 of 3rd period - Cody Eakin wins face-off versus Anton Gustafsson in neutral zone.
0:53 of 3rd period - Danny Kristo is hit by Jeremy Williams and loses puck.
1:27 of 3rd period - Off-side.
1:28 of 3rd period - Anton Gustafsson wins face-off versus Cody Eakin in neutral zone.
2:00 of 3rd period - Snap shot by Brendan Gallagher.
2:00 of 3rd period - Shot Blocked by Matt Pettinger.
2:02 of 3rd period - Slapshot by Anton Gustafsson.
2:02 of 3rd period - Shot Blocked by Dustin Kohn.
2:04 of 3rd period - Slapshot by Josh Manson.
2:04 of 3rd period - Shot Blocked by Dustin Kohn.
2:56 of 3rd period - Wrist shot by Steven Goertzen.
2:56 of 3rd period - Stopped by Antti Raanta with a rebound.
3:14 of 3rd period - Snap shot by Brendan Gallagher.
3:14 of 3rd period - Shot Misses the Net.
3:34 of 3rd period - Wrist shot by Blake Geoffrion.
3:34 of 3rd period - Stopped by Joni Ortio without a rebound.
3:35 of 3rd period - Zack Smith wins face-off versus Jordan Caron in Staline zone.
4:04 of 3rd period - Off-side.
4:05 of 3rd period - Vernon Fiddler wins face-off versus Brandon Mashinter in neutral zone.
4:15 of 3rd period - Minor Penalty to Danny Kristo for Slashing.
4:16 of 3rd period - Zack Smith wins face-off versus Bryan Bickell in Staline zone.
4:24 of 3rd period - Snap shot by Colton Orr.
4:24 of 3rd period - Stopped by Joni Ortio with a rebound.
4:26 of 3rd period - Slapshot by Bobby Sanguinetti.
4:26 of 3rd period - Deflect By Zack Smith.
4:26 of 3rd period - Stopped by Joni Ortio with a rebound.
4:28 of 3rd period - Slapshot by Bobby Sanguinetti.
4:28 of 3rd period - Stopped by Joni Ortio with a rebound.
4:30 of 3rd period - Snap shot by Bobby Sanguinetti.
4:30 of 3rd period - Stopped by Joni Ortio with a rebound.
6:15 of 3rd period - Penalty to Danny Kristo is over, Danny Kristo is back on ice.
6:15 of 3rd period - Steven Goertzen is hit by Chris Lawrence and loses puck.
7:24 of 3rd period - Wrist shot by Jeremy Williams.
7:24 of 3rd period - Shot Misses the Net.
7:28 of 3rd period - Snap shot by Vernon Fiddler.
7:28 of 3rd period - Shot Misses the Net.
7:48 of 3rd period - Wrist shot by Vernon Fiddler.
7:48 of 3rd period - Stopped by Joni Ortio with a rebound.
7:50 of 3rd period - Wrist shot by Jeremy Welsh.
7:50 of 3rd period - Stopped by Joni Ortio with a rebound.
7:54 of 3rd period - Wrist shot by Jeremy Welsh.
7:54 of 3rd period - Shot Blocked by Keith Yandle.
7:56 of 3rd period - Slapshot by Frederic St-Denis.
7:56 of 3rd period - Goal by Frederic St-Denis - Staline : 8 - Carnivores : 6.
7:57 of 3rd period - Anton Gustafsson wins face-off versus Corey Trivino in neutral zone.
8:03 of 3rd period - Icing by Nick Spaling.
8:04 of 3rd period - Corey Trivino wins face-off versus Anton Gustafsson in Staline zone.
8:17 of 3rd period - Slapshot by Jordan Caron.
8:17 of 3rd period - Shot Misses the Net.
8:19 of 3rd period - Wrist shot by Corey Trivino.
8:19 of 3rd period - Shot Misses the Net.
8:39 of 3rd period - Snap shot by Nate Schmidt.
8:39 of 3rd period - Shot Misses the Net.
8:49 of 3rd period - Snap shot by Nick Spaling.
8:49 of 3rd period - Stopped by Antti Raanta without a rebound.
8:50 of 3rd period - Markus Granlund wins face-off versus Corey Trivino in Carnivores zone.
8:50 of 3rd period - Markus Granlund is hit by Nick Spaling.
8:58 of 3rd period - Backhand shot by Lane MacDermid.
8:58 of 3rd period - Deflect By Nick Spaling.
8:58 of 3rd period - Stopped by Joni Ortio without a rebound.
8:59 of 3rd period - Corey Trivino wins face-off versus Anton Gustafsson in Staline zone.
9:03 of 3rd period - Icing by Dustin Kohn.
9:04 of 3rd period - Corey Trivino wins face-off versus Anton Gustafsson in Staline zone.
9:50 of 3rd period - Peter Holland is hit by Sasha Pokulok.
10:12 of 3rd period - Backhand shot by Nick Spaling.
10:12 of 3rd period - Shot Misses the Net.
10:14 of 3rd period - Wrist shot by Jordan Caron.
10:14 of 3rd period - Stopped by Antti Raanta without a rebound.
10:15 of 3rd period - Markus Granlund wins face-off versus Corey Trivino in Carnivores zone.
10:37 of 3rd period - Snap shot by Corey Trivino.
10:37 of 3rd period - Deflect By Nate Schmidt.
10:37 of 3rd period - Stopped by Antti Raanta with a rebound.
10:39 of 3rd period - Snap shot by Nick Spaling.
10:39 of 3rd period - Stopped by Antti Raanta with a rebound.
10:51 of 3rd period - Wrist shot by Nick Spaling.
10:51 of 3rd period - Deflect By Corey Trivino.
10:51 of 3rd period - Goal by Corey Trivino - Staline : 9 - Carnivores : 6.
10:52 of 3rd period - Steven Goertzen wins face-off versus Anton Gustafsson in neutral zone.
10:55 of 3rd period - Brendan Gallagher is hit by Matt Pettinger and loses puck.
11:00 of 3rd period - Backhand shot by Matt Pettinger.
11:00 of 3rd period - Stopped by Antti Raanta with a rebound.
11:02 of 3rd period - Snap shot by Stu Bickel.
11:02 of 3rd period - Stopped by Antti Raanta without a rebound.
11:03 of 3rd period - Cody Eakin wins face-off versus Anton Gustafsson in Carnivores zone.
11:20 of 3rd period - Steven Goertzen is hit by Anton Gustafsson and loses puck.
11:39 of 3rd period - Snap shot by Nick Spaling.
11:39 of 3rd period - Goal by Nick Spaling - Staline : 10 - Carnivores : 6.
11:40 of 3rd period - Anton Gustafsson wins face-off versus Cody Eakin in neutral zone.
11:44 of 3rd period - Mat Clark and Matt Pettinger fight to a draw.
11:44 of 3rd period - Penalty to Mat Clark for Fighting.
11:44 of 3rd period - Penalty to Matt Pettinger for Fighting.
11:45 of 3rd period - Anton Gustafsson wins face-off versus Jiri Sekac in neutral zone.
11:48 of 3rd period - Snap shot by Sasha Pokulok.
11:48 of 3rd period - Shot Misses the Net.
11:50 of 3rd period - Slapshot by Nate Schmidt.
11:50 of 3rd period - Shot Blocked by Brandon Burlon.
11:52 of 3rd period - Wrist shot by Brendan Gallagher.
11:52 of 3rd period - Stopped by Joni Ortio with a rebound.
11:54 of 3rd period - Wrist shot by Anton Gustafsson.
11:54 of 3rd period - Stopped by Joni Ortio with a rebound.
11:56 of 3rd period - Snap shot by Anton Gustafsson.
11:56 of 3rd period - Shot Misses the Net.
12:19 of 3rd period - Wrist shot by Chris Lawrence.
12:19 of 3rd period - Stopped by Joni Ortio with a rebound.
12:36 of 3rd period - Danny Kristo is hit by Jeremy Williams and loses puck.
13:03 of 3rd period - Slapshot by Stu Bickel.
13:03 of 3rd period - Shot Blocked by David Schlemko.
13:44 of 3rd period - Philip Larsen is hit by Chris Lawrence.
14:58 of 3rd period - Wrist shot by Vernon Fiddler.
14:58 of 3rd period - Shot Misses the Net.
15:00 of 3rd period - Slapshot by Jeremy Welsh.
15:00 of 3rd period - Stopped by Joni Ortio without a rebound.
15:01 of 3rd period - Cody Eakin wins face-off versus Anton Gustafsson in Staline zone.
15:06 of 3rd period - Wrist shot by Blake Geoffrion.
15:06 of 3rd period - Deflect By Anton Gustafsson.
15:06 of 3rd period - Stopped by Joni Ortio with a rebound.
15:14 of 3rd period - Wrist shot by Anton Gustafsson.
15:14 of 3rd period - Goal by Anton Gustafsson - Staline : 10 - Carnivores : 7.
15:15 of 3rd period - Cody Eakin wins face-off versus Anton Gustafsson in neutral zone.
15:29 of 3rd period - Snap shot by Steven Goertzen.
15:29 of 3rd period - Shot Misses the Net.
15:31 of 3rd period - Wrist shot by Cody Eakin.
15:31 of 3rd period - Shot Misses the Net.
15:41 of 3rd period - Nick Spaling is hit by Chris Lawrence.
16:05 of 3rd period - Icing by Nate Schmidt.
16:06 of 3rd period - Vernon Fiddler wins face-off versus Brandon Mashinter in Carnivores zone.
16:38 of 3rd period - Slapshot by Keith Yandle.
16:38 of 3rd period - Shot Misses the Net.
18:02 of 3rd period - Minor Penalty to Markus Granlund for Hooking.
18:03 of 3rd period - Steve Begin wins face-off versus Cody Eakin in Carnivores zone.
18:03 of 3rd period - Steve Begin is hit by Keith Yandle.
19:51 of 3rd period - Keith Yandle is hit by Josh Manson and loses puck.
Goals for this period are 2 for Staline vs 2 for Carnivores.
Shots for this period are 9 for Staline vs 15 for Carnivores.